 Dungeon Crawl Stone Soup version 0.27-a0-1548-gf8a67e7463 (webtiles) character file.

Game seed: 18377782596097397942

59 lunkers the Insei (level 4, 0/33 HPs)
             Began as a Djinni Warper on July 13, 2021.
             Slain by a gnoll (10 damage)
             ... on level 2 of the Dungeon.
             The game lasted 00:02:38 (2110 turns).

lunkers the Insei (Djinni Warper)                   Turns: 2110, Time: 00:02:38

Health: 0/33       AC:  3    Str: 11    XL:     4   Next: 22%
Gold:   43         EV: 11    Int: 14    God:
                   SH:  0    Dex: 13

rFire    + + .     SeeInvis .     - Unarmed
rCold    x . .     Faith    .   (no shield)
rNeg     . . .     Spirit   .   a - +0 leather armour
rPois    ∞         Reflect  .   (no helmet)
rElec    .         Harm     .   (no cloak)
rCorr    .         Rampage  .   (no gloves)
Will     .....                  (boots unavailable)
Stlth    +.........             (no amulet)
HPRegen  0.11/turn              (no ring)
MPRegen  0.00/turn              (no ring)

@: flying
A: sickness immunity, fire resistance 2, cold vulnerability 1, float, innate
caster, hp casting, extra vitality 1
a: no special abilities


You were on level 2 of the Dungeon.
You visited 1 branch of the dungeon, and saw 2 of its levels.

You collected 43 gold pieces.

Inventory:

Missiles
 c - 5 boomerangs of dispersal
Armour
 a - a +0 leather armour (worn)
Jewellery
 d - an amulet of the acrobat
 l - a +6 ring of dexterity
Scrolls
 b - a scroll of blinking
 e - 3 scrolls of acquirement {unknown}
 g - a scroll of vulnerability {unknown}
 h - a scroll of amnesia {unknown}
 i - a scroll of enchant weapon {unknown}
 j - a scroll of teleportation {unknown}
 m - 2 scrolls of identify {unknown}
Potions
 f - 2 potions of lignification {unknown}
 k - a potion of heal wounds {unknown}


   Skills:
 - Level 2.0 Fighting
 - Level 0.7 Throwing
 - Level 1.0 Armour
 - Level 2.1 Dodging
 * Level 3.5 Unarmed Combat
 * Level 2.9 Spellcasting


You couldn't memorise any spells.
You knew the following spells:

 Your Spells              Type           Power      Damage    Failure   Level
a - Freeze                Ice            40%        1d6       9%          1
b - Lesser Beckoning      Tloc           5%         N/A       26%         3
c - Gell's Gravitas       Tloc           5%         N/A       26%         3
d - Teleport Other        Tloc           10%        N/A       26%         3
e - Manifold Assault      Tloc           10%        N/A       93%         5
p - Blink                 Tloc           N/A        N/A       13%         2
Your spell library was empty.

Dungeon Overview and Level Annotations

Branches:
Dungeon (2/15)

Altars:

Shops:
D:1 [


Innate Abilities, Weirdness & Mutations

You are immune to sickness and miasma.
You are immune to poison.
Your flesh is very heat resistant. (rF++)
You are vulnerable to cold. (rC-)
You float through the air rather than walking.
You learn spells naturally, not from books.
Your magical power is your life essence.
You have superior vitality. (+4 HP)


Message History

Confirm with . or Enter, or press ? or * to list all spells.
You miscast Freeze.
Nothing appears to happen.
The adder bites you.
* * * LOW HITPOINT WARNING * * *
Casting: Freeze (safe; 9% risk of failure)
Confirm with . or Enter, or press ? or * to list all spells.
Aiming: Freeze (safe; 9% risk of failure)
Press: ? - help, Shift-Dir - straight line, f/p - adder
Aim: an adder (severely wounded)
You freeze the adder.
The adder is severely wounded.
The adder seems to slow down.
* * * LOW HITPOINT WARNING * * *
The adder is no longer moving slowly.
The adder closely misses you.
Casting: Freeze (safe; 9% risk of failure)
Confirm with . or Enter, or press ? or * to list all spells.
Aiming: Freeze (safe; 9% risk of failure)
Press: ? - help, Shift-Dir - straight line, f/p - adder
Aim: an adder (severely wounded)
You freeze the adder.
You kill the adder!
* * * LOW HITPOINT WARNING * * *
m - 2 scrolls labelled JOGU HORROAKA (gained 1)
Your magical contamination has completely faded away.
You see here an adder corpse.
Found a stone staircase leading up.
A gnoll comes into view. It is wielding a +0 whip.
A gnoll comes into view. It is wielding a +0 halberd.
The gnoll shouts!
You hear a shout!
A gnoll comes into view. It is wielding a +0 spear.
The gnoll shouts! x2
There is a stone staircase leading up here.
The gnoll hits you from afar with a +0 spear.
There is a stone staircase leading up here.
The gnoll hits you with a +0 spear!
The gnoll hits you from afar with a +0 halberd!
* * * LOW HITPOINT WARNING * * *
There is a stone staircase leading up here.
The gnoll hits you but does no damage.
The gnoll hits you from afar with a +0 halberd!
You die...

#+# #.# .#######.#
.gg..g.#.##
.#####....##
#.....#
#....###########.#
#.#.#...ggg@.....#
#.#.#.############
#.....# ###.###
#.# #†# ##.##
##...##
)##.....#####


You could see 3 gnolls.

Vanquished Creatures
  A gnoll (D:1)
  An adder (D:2)
  3 bats (D:1)
  5 giant cockroaches (D:1)
  4 goblins
  7 hobgoblins
  3 ball pythons (D:1)
  11 frilled lizards (D:1)
  A kobold (D:1)
  2 rats (D:1)
38 creatures vanquished.

Vanquished Creatures (others)
  8 plants (D:1)
8 creatures vanquished.

Grand Total: 46 creatures vanquished

Notes
Turn   | Place    | Note
-------+----------+-------------------------------------------
     0 | D:1      | lunkers the Djinni Warper began the quest for the Orb.
     0 | D:1      | Reached XP level 1. HP: 18/18 MP: 0/0
   169 | D:1      | Reached XP level 2. HP: 17/23 MP: 0/0
  1112 | D:1      | Reached XP level 3. HP: 25/28 MP: 0/0
  1112 | D:1      | Learned a level 1 spell: Freeze
  1157 | D:1      | Reached skill level 3 in Unarmed Combat
  1775 | D:1      | Found Lusar's Antique Armour Emporium.
  1872 | D:2      | Reached XP level 4. HP: 32/33 MP: 0/0
  2110 | D:2      | Slain by a gnoll

Illustrated notes

Levels and vault maps discovered:
D:1:      erik_arrival_cave_to_civilisation [erik_arrival_cave_to_hall],
          layout_basic, serial_shops,
          nicolae_shop_temple_entry_statues_fountains, minmay_lizard_king
D:2:      layout_loops_corners, basic_altar,
          hellmonk_ecumenical_altar_pennies_from_heaven, minmay_door_square

Skill      XL: |  1  2  3 |
---------------+----------+-----
Unarmed Combat | 3 |  3.5
Fighting       | |  2.0
Throwing       | |  0.7
Armour         | |  1.0
Dodging        | |  2.1
Spellcasting   | |  2.9

Action                   |  1- 3 |  4- 6 || total
-------------------------+-------+-------++-------
Melee: Unarmed           |   111 |       ||   111
       Punch             |     1 |       ||     1
 Cast: Freeze            |    19 |     6 ||    25
Armor: Leather armour    |    39 |     1 ||    40
Dodge: Dodged            |    96 |     5 ||   101

Table legend: (Time is in decaauts)
 A = Elapsed time spent in this place.
 B = Non-inter-level travel time spent in this place.
 C = Inter-level travel time spent in this place.
 D = Time resting spent in this place.
 E = Time spent auto-exploring this place.
 F = Levels seen in this place.
 G = Mean time per level.
                   A        B        C        D        E       F      G
               +--------+--------+--------+--------+--------+-----+--------+
         Total |   2103 |   2067 |     36 |      0 |   1791 |   2 | 1051.5 |
       Dungeon |   2103 |   2067 |     36 |      0 |   1791 |   2 | 1051.5 |
               +--------+--------+--------+--------+--------+-----+--------+

Top non-repeatable levels by time:
     D:1: 1842 daAuts
     D:2: 261 daAuts
